 Dungeon Crawl Stone Soup version 0.27.0-66-gdc8fb28755 (webtiles) character file.

Game seed: 5828897840103633681

28 Malachi the Ruffian (level 2, 0/29 HPs)
             Began as a Troll Monk on Aug 20, 2021.
             Succumbed to a goblin's poison
             ... on level 2 of the Dungeon.
             The game lasted 00:00:49 (721 turns).

Malachi the Ruffian (Troll Monk)                     Turns: 721, Time: 00:00:50

Health: 0/29       AC:  4    Str: 18    XL:     2   Next: 96%
Magic:  1/1        EV: 10    Int:  6    God:
Gold:   32         SH:  0    Dex: 12    Spells: 1/1 levels left

rFire    . . .     SeeInvis .     - Unarmed
rCold    . . .     Faith    .   (no shield)
rNeg     . . .     Spirit   .   a - +0 robe
rPois    .         Reflect  .   (helmet restricted)
rElec    .         Harm     .   (no cloak)
rCorr    .         Rampage  .   (gloves unavailable)
Will     .....                  (boots unavailable)
Stlth    ++........             (no amulet)
HPRegen  1.09/turn              (no ring)
MPRegen  0.07/turn              (no ring)

@: lethally poisoned (0 -> -21)
A: large, unfitting armour, claws 3, regeneration 1, shaggy fur 1, tough skin 1
a: no special abilities


You were on level 2 of the Dungeon.
You visited 1 branch of the dungeon, and saw 2 of its levels.

You collected 32 gold pieces.

Inventory:

Armour
 a - a +0 robe (worn)
Potions
 b - a potion of brilliance {unknown}
 d - a potion of degeneration {unknown}


   Skills:
 - Level 2.4 Fighting
 - Level 2.4 Dodging
 - Level 1.0 Stealth
 * Level 4.2 Unarmed Combat


You had one spell level left.
You didn't know any spells.
Your spell library contained the following spells:

 Spells                   Type           Power      Damage    Failure   Level
 Freeze                   Ice            0%         1d3       45%         1
 Frozen Ramparts          Ice            0%         1d2       83%         3
 Hailstorm                Conj/Ice       0%         3d3       99%         4


Dungeon Overview and Level Annotations

Branches:
Dungeon (2/15)

Altars:

Annotations:
D:2 Robin


Innate Abilities, Weirdness & Mutations

You are too large for most types of armour.
You have claws for hands.
Your natural rate of healing is unusually fast.
You are covered in fur. (AC +1)
You have tough skin. (AC +1)


Message History

You hear a shout! x2
There are monsters nearby!
There are monsters nearby!
A goblin and 2 hobgoblins come into view.
The hobgoblin shouts!
The goblin shouts!
The hobgoblin moves out of view.
Robin shouts!
The hobgoblin shouts!
The goblin shouts!
You hear a shout! x2
A goblin comes into view. It is wielding a +1 dagger of venom.
Robin roars a battlecry!
The goblins go into a battle-frenzy!
You hear a shout!
The hobgoblin hits you.
The hobgoblin hits you but does no damage.
You claw the hobgoblin!
You kill the hobgoblin!
You completely miss the hobgoblin. The hobgoblin barely misses you.
Robin throws the goblin at you!
The goblin hits you with a +1 dagger of venom.
You are poisoned.
You barely miss the hobgoblin.
You feel very sick. The hobgoblin completely misses you.
The hobgoblin hits you. The goblin misses you.
You barely miss the hobgoblin.
You feel sick.
The hobgoblin hits you but does no damage.
The hobgoblin hits you.
The goblin hits you with a +1 dagger of venom.
You are lethally poisoned!
You are too injured to fight recklessly!
You are too injured to fight recklessly!
Unknown command.
You scratch the goblin but do no damage.
* * * LOW HITPOINT WARNING * * *
You feel very sick. The hobgoblin barely misses you.
The hobgoblin closely misses you. The goblin hits you but does no damage.
You are more poisoned.
You scratch the goblin.
You kill the goblin!
You die...

#...#....##.......
............(...
#.##..##.........
#.....<..........
....#.####.###.#..<
. #. #..##.#... #
##.....#..
####........
###g@).#######
#ggg####
#.g##...... .....
.##### ####.# ## #.
g. gg g.


You could see Robin, 2 hobgoblins and 2 goblins.

Vanquished Creatures
  A dart slug (D:1)
  4 ball pythons (D:1)
  3 endoplasms
  A giant cockroach (D:1)
  4 goblins
  2 hobgoblins
  A quokka (D:1)
  2 bats (D:1)
  4 kobolds (D:1)
  3 rats (D:1)
25 creatures vanquished.

Notes
Turn   | Place    | Note
-------+----------+-------------------------------------------
     0 | D:1      | Malachi the Troll Monk began the quest for the Orb.
     0 | D:1      | Reached XP level 1. HP: 22/22 MP: 0/0
    98 | D:1      | Reached XP level 2. HP: 29/29 MP: 1/1
   375 | D:1      | Reached skill level 4 in Unarmed Combat
   614 | D:1      | Found a faded altar of an unknown god.
   707 | D:2      | Noticed Robin
   721 | D:2      | Succumbed to a goblin's poison

Illustrated notes

Levels and vault maps discovered:
D:1:      zaba_arrival_water, layout_loops_ring,
          shapermc_ecumenical_altar_mp_vishouse
D:2:      layout_rooms, basic_altar, uniq_robin

Skill      XL: |  1  2 |
---------------+-------+-----
Unarmed Combat | 4 |  4.2
Fighting       | |  2.4
Dodging        | |  2.4
Stealth        | |  1.0

Action                   || total
-------------------------++-------
Melee: Unarmed           ||    53
       Punch             ||     1
  Use: Scroll            ||     1
 Stab: Sleeping          ||     2
Armor: Robe              ||    13
Dodge: Dodged            ||    21
